 Dungeon Crawl Stone Soup version 0.28.0-45-g0d030f2227 (webtiles) character file.

Game seed: 10359633160834369966

70 101zpm the Chiller (level 4, -2/32 HPs)
             Began as a Gnoll Ice Elementalist on Apr 21, 2022.
             Slain by a gnoll
             ... wielding a +0 flail
              (6 damage)
             ... on level 3 of the Dungeon.
             The game lasted 00:04:41 (2438 turns).

101zpm the Chiller (Gnoll Ice Elementalist)         Turns: 2438, Time: 00:04:42

Health: -2/32      AC:  3    Str:  7    XL:     4   Next: 22%
Magic:  7/11       EV: 13    Int: 17    God:
Gold:   68         SH:  0    Dex: 12    Spells: 6/13 levels left

rFire   . . .      SeeInvis .   i - +0 hand axe (vorpal)
rCold   . . .      Faith    .   m - orb {*Rage}
rNeg    . . .      Spirit   .   a - +0 robe
rPois   .          Reflect  .   (no helmet)
rElec   .          Harm     .   j - +0 cloak
rCorr   .          Rampage  .   (no gloves)
Will    .....      Rage     20% (no boots)
Stlth   ++........              (no amulet)
HPRegen 0.10/turn               (no ring)
MPRegen 0.12/turn               (no ring)

@: on berserk cooldown, slowed, very slow
A: fangs 1, strong nose, distributed training
a: no special abilities


You were on level 3 of the Dungeon.
You visited 1 branch of the dungeon, and saw 3 of its levels.

You collected 68 gold pieces.

Inventory:

Hand Weapons
 i - a +0 vorpal hand axe (weapon)
Armour
 a - a +0 robe (worn)
 j - a +0 cloak (worn)
 m - an orb of wrath (worn)
Jewellery
 k - a ring of flight
Scrolls
 b - a scroll of amnesia {unknown}
 f - 3 scrolls of identify {unknown}
 g - 2 scrolls of blinking {unknown}
 o - a scroll of fear {unknown}
Potions
 c - a potion of curing {unknown}
 d - a potion of magic {unknown}
 e - 2 potions of brilliance {unknown}
 h - a potion of cancellation {unknown}
 l - a potion of attraction {unknown}
 n - a potion of heal wounds {unknown}


   Skills:
 + Level 1.0 Fighting
 + Level 1.0 Short Blades
 + Level 1.0 Long Blades
 + Level 1.0 Axes
 + Level 1.0 Maces & Flails
 + Level 1.0 Polearms
 + Level 1.0 Staves
 + Level 1.0 Slings
 + Level 1.0 Bows
 + Level 1.0 Crossbows
 + Level 1.0 Throwing
 + Level 1.0 Armour
 + Level 4.6 Dodging
 + Level 4.2 Stealth
 + Level 1.0 Shields
 + Level 1.0 Unarmed Combat
 + Level 5.0 Spellcasting
 + Level 0.8 Conjurations
 + Level 0.8 Hexes
 + Level 0.8 Summonings
 + Level 0.8 Necromancy
 + Level 0.8 Translocations
 + Level 0.8 Transmutations
 + Level 0.8 Fire Magic
 + Level 7.1 Ice Magic
 + Level 0.8 Air Magic
 + Level 0.8 Earth Magic
 + Level 0.8 Poison Magic
 + Level 1.1 Invocations
 + Level 1.0 Evocations


You had 6 spell levels left.
You knew the following spells:

 Your Spells              Type           Power      Damage    Failure   Level
a - Freeze                Ice            100%       1d11      1%          1
b - Frozen Ramparts       Ice            56%        1d7       2%          3
c - Ozocubu's Armour      Ice            28%        N/A       2%          3

Your spell library contained the following spells:

 Spells                   Type           Power      Damage    Failure   Level
 Apportation              Tloc           14%        N/A       10%         1
 Hailstorm                Conj/Ice       17%        3d6       26%         4
 Inner Flame              Hex/Fire       7%         N/A       30%         3
 Cause Fear               Hex            3%         N/A       69%         4
 Alistair's Intoxication  Tmut/Pois      4%         N/A       95%         5
 Discord                  Hex            3%         N/A       100%        8


Dungeon Overview and Level Annotations

Branches:
Dungeon (3/15)

Altars:
Ru

Shops:
D:1 !   D:3 (


Innate Abilities, Weirdness & Mutations

You have very sharp teeth.
Your uncanny sense of smell can sniff out nearby items.
Your experience applies equally to all skills.


Message History

You hit the gnoll.
The gnoll is moderately wounded.
The gnoll barely misses you.
A gnoll comes into view. It is wielding a +0 club.
The gnoll closely misses you.
The gnoll hits you from afar with a +0 spear.
The gnoll shouts!
You hit the gnoll.
The gnoll is heavily wounded.
The gnoll hits you with a +0 whip!
The gnoll hits you from afar with a +0 spear.
The gnoll hits you with a +0 whip.
You are too injured to fight recklessly!
Aiming: Freeze (safe; 1% risk of failure)
Press: ? - help, Q - select action, (/) - cycle Shift-Dir - straight line, f - gnoll
Aim: a gnoll, wielding a +0 whip (heavily wounded)
You freeze the gnoll.
The gnoll is severely wounded.
The gnoll closely misses you. The gnoll hits you with a +0 whip.
The gnoll closely misses you.
Aiming: Freeze (safe; 1% risk of failure)
Press: ? - help, Q - select action, (/) - cycle Shift-Dir - straight line, f/p - gnoll
Aim: a gnoll, wielding a +0 whip (severely wounded)
You freeze the gnoll!
You kill the gnoll!
The gnoll misses you. The gnoll hits you with a +0 flail!
* * * LOW HITPOINT WARNING * * *
Aiming: Freeze (safe; 1% risk of failure)
Press: ? - help, Q - select action, (/) - cycle Shift-Dir - straight line, f - gnoll
Aim: a gnoll, wielding a +0 flail You freeze the gnoll.
The gnoll is heavily wounded.
The gnoll barely misses you. x2; The gnoll completely misses you.
Aiming: Freeze (safe; 1% risk of failure)
Press: ? - help, Q - select action, (/) - cycle Shift-Dir - straight line, f/p - gnoll
Aim: a gnoll, wielding a +0 flail (heavily wounded)
You freeze the gnoll.
The gnoll is severely wounded.
The gnoll hits you with a +0 flail.
You die...

...#..)..## #..###
#.#
...........####..#
##.##
............# #..#
#...#
............# #.#
#...#
............#
#...#
............#
###...#
............#
#....##
...........#####
######
..........@gg.#
#..########g.# ..
.# ∆ #


You could see 3 gnolls.

Vanquished Creatures
  A gnoll (D:3)
  An adder (D:2)
  A worm (D:2)
  A dart slug (D:2)
  2 ball pythons
  4 endoplasms
  2 giant cockroaches
  3 goblins
  3 hobgoblins
  2 jackals (D:3)
  6 quokkas
  4 bats
  A frilled lizard (D:1)
  7 kobolds
  7 rats
45 creatures vanquished.

Notes
Turn   | Place    | Note
-------+----------+-------------------------------------------
     0 | D:1      | 101zpm the Gnoll Ice Elementalist began the quest for the
                  | Orb.
     0 | D:1      | Reached XP level 1. HP: 13/13 MP: 6/6
   393 | D:1      | Reached XP level 2. HP: 19/19 MP: 5/7
   542 | D:1      | Found Boockec's Distillery.
  1454 | D:2      | Reached XP level 3. HP: 21/25 MP: 9/9
  1458 | D:2      | Learned a level 3 spell: Frozen Ramparts
  1462 | D:2      | Learned a level 3 spell: Ozocubu's Armour
  1564 | D:2      | Reached skill level 5 in Spellcasting
  1916 | D:2      | Reached skill level 1 in Invocations
  2198 | D:3      | Found Doazyh's Antique Weapon Shoppe.
  2204 | D:3      | Reached skill level 1 in Fighting
  2204 | D:3      | Reached skill level 1 in Short Blades
  2204 | D:3      | Reached skill level 1 in Long Blades
  2204 | D:3      | Reached skill level 1 in Axes
  2204 | D:3      | Reached skill level 1 in Maces & Flails
  2204 | D:3      | Reached skill level 1 in Polearms
  2204 | D:3      | Reached skill level 1 in Staves
  2204 | D:3      | Reached skill level 1 in Slings
  2204 | D:3      | Reached skill level 1 in Bows
  2204 | D:3      | Reached skill level 1 in Crossbows
  2204 | D:3      | Reached skill level 1 in Throwing
  2204 | D:3      | Reached skill level 1 in Armour
  2204 | D:3      | Reached skill level 1 in Shields
  2204 | D:3      | Reached skill level 1 in Unarmed Combat
  2204 | D:3      | Reached skill level 1 in Evocations
  2232 | D:3      | Found a sacrificial altar of Ru.
  2249 | D:3      | Reached XP level 4. HP: 25/32 MP: 11/11
  2438 | D:3      | Slain by a gnoll

Illustrated notes

Levels and vault maps discovered:
D:1:      lightli_arrival_lavapool, layout_basic, serial_shops, shop_statue
D:2:      layout_loops_corners
D:3:      layout_rooms, nicolae_ru_awakened_eye,
          mainiacjoe_overflow_small_starburst, serial_shops, shop,
          shapermc_ecumenical_altar_ellora

Skill      XL: |  1  2  3 |
---------------+----------+-----
Spellcasting   | 5 |  5.0
Invocations    | 1 |  1.1
Fighting       | 1 |  1.0
Short Blades   | 1 |  1.0
Long Blades    | 1 |  1.0
Axes           | 1 |  1.0
Maces & Flails | 1 |  1.0
Polearms       | 1 |  1.0
Staves         | 1 |  1.0
Slings         | 1 |  1.0
Bows           | 1 |  1.0
Crossbows      | 1 |  1.0
Throwing       | 1 |  1.0
Armour         | 1 |  1.0
Shields        | 1 |  1.0
Unarmed Combat | 1 |  1.0
Evocations     | 1 |  1.0
Dodging        | |  4.6
Stealth        | |  4.2
Conjurations   | |  0.8
Hexes          | |  0.8
Summonings     | |  0.8
Necromancy     | |  0.8
Translocations | |  0.8
Transmutations | |  0.8
Fire Magic     | |  0.8
Ice Magic      | |  7.1
Air Magic      | |  0.8
Earth Magic    | |  0.8
Poison Magic   | |  0.8

Action                   |  1- 3 |  4- 6 || total
-------------------------+-------+-------++-------
Melee: Unarmed           |     2 |       ||     2
       Hand axe          |    53 |     6 ||    59
       Bite              |    11 |       ||    11
       Punch             |     1 |       ||     1
 Cast: Freeze            |    35 |     4 ||    39
 Stab: Sleeping          |     3 |       ||     3
Armor: Robe              |    10 |     1 ||    11
Dodge: Dodged            |    49 |    10 ||    59
